Map: Dusk Towers

Players

FeaR

  • Race: Protoss Protoss
  • League: Grandmaster

Miszu - Winner!

  • Race: Terran Terran
  • League: Master

VOD

Have the link to the VOD?

Description

Time

  • Played on: May 9, 2016, 5:08 p.m.
  • Length: 11:57
Show
View Real Time Build Order
Export as new Build Order

FeaR Protoss 

Build Orders:  

Get SALT Encoding   

  12  0:01  Probe (Chrono Boost)  
  13  0:11  Probe (Chrono Boost)  
  14  0:19  Pylon  
  14  0:22  Probe (Chrono Boost)  
  15  0:38  Gateway, Probe (Chrono Boost)  
  16  0:42  Assimilator  
  16  0:48  Probe (Chrono Boost)  
  17  0:59  Probe (Chrono Boost)  
  18  1:09  Probe (Chrono Boost)  
  19  1:20  Probe (Chrono Boost)  
  20  1:27  Cybernetics Core  
  20  1:30  Probe (Chrono Boost)  
  21  1:32  Zealot (Chrono Boost)  
  23  1:42  Pylon  
  23  1:43  Assimilator  
  23  2:01  Pylon  
  23  2:04  Mothership Core (Chrono Boost)  
  25  2:08  Adept (Chrono Boost)  
  27  2:18  Warp Gate (Chrono Boost)  
  27  2:24  Probe (Chrono Boost)  
  27  2:25  Nexus  
  29  2:38  Probe  
  29  2:41  Pylon  
  28  2:50  Probe  
  29  2:53  Robotics Facility  
  29  3:02  Probe (Chrono Boost)  
  30  3:09  Forge  
  30  3:14  Probe (Chrono Boost)  
  31  3:25  Probe (Chrono Boost)  
  32  3:35  Protoss Ground Weapons Level 1 (Chrono Boost), Probe (Chrono Boost)  
  32  3:36  Probe (Chrono Boost)  
  32  3:39  Warp Prism  
  36  3:46  Probe x2  
  38  3:56  Probe  
  38  3:58  Probe  
  38  4:01  Gateway  
  38  4:02  Gateway  
  40  4:07  Probe  
  41  4:10  Probe  
  41  4:15  Adept  
  44  4:19  Probe (Chrono Boost)  
  44  4:23  Probe (Chrono Boost)  
  46  4:30  Probe (Chrono Boost)  
  47  4:35  Pylon, Probe (Chrono Boost)  
  47  4:38  Twilight Council  
  48  4:41  Adept, Probe (Chrono Boost)  
  48  4:44  Observer  
  52  4:47  Probe (Chrono Boost)  
  53  5:01  Adept x2  
  53  5:03  Adept  
  53  5:06  Nexus  
  57  5:09  Protoss Ground Weapons Level 2  
  57  5:10  Probe (Chrono Boost)  
  57  5:11  Probe (Chrono Boost)  
  57  5:15  Blink (Chrono Boost)  
  57  5:17  Assimilator  
  57  5:19  Pylon  
  57  5:21  Assimilator  
  57  5:22  Probe  
  57  5:23  Probe  
  59  5:34  Probe x2  
  61  5:44  Pylon, Probe  
  61  5:46  Probe  
  63  5:50  Stalker x3  
  63  5:56  Probe  
  62  5:58  Probe  
  63  6:08  Probe  
  63  6:10  Probe  
  65  6:11  Gateway  
  65  6:14  Gateway, Sentry  
  67  6:19  Adept  
  67  6:20  Adept, Probe  
  67  6:23  Probe  
  67  6:24  Immortal (Chrono Boost)  
  76  6:28  Pylon, Probe  
  76  6:29  Pylon  
  76  6:33  Probe  
  76  6:35  Probe  
  76  6:39  Adept, Probe  
  80  6:41  Adept  
  80  6:43  Adept  
  85  6:48  Probe  
  85  6:50  Probe x2  
  88  6:58  Immortal (Chrono Boost)  
  88  7:00  Probe  
  93  7:02  Adept x2  
  93  7:06  Pylon  
  93  7:07  Adept x2  
  101  7:08  Probe  
  101  7:14  Stalker  
  102  7:26  Stalker x2  
  102  7:29  Probe  
  103  7:30  Stalker, Probe x2  
  103  7:31  Stalker  
  108  7:46  Assimilator  
  108  7:47  Assimilator  
  108  7:48  Protoss Ground Weapons Level 3 (Chrono Boost)  
  108  7:49  Immortal (Chrono Boost)  
  105  7:52  Sentry  
  105  7:53  Sentry  
  105  7:58  Templar Archives  
  113  8:00  Resonating Glaives (Chrono Boost)  
  113  8:15  Photon Cannon  
  113  8:18  Pylon  
  113  8:25  Nexus, Pylon  
  113  8:29  Pylon  
  111  8:40  Probe  
  105  8:47  Psionic Storm  
  95  8:53  Immortal, Probe  
  90  8:56  Probe (Chrono Boost)  
  90  8:57  High Templar x2  
  90  8:58  Pylon, Probe (Chrono Boost)  
  90  9:02  Pylon  
  100  9:03  High Templar  
  100  9:05  High Templar  
  100  9:06  Probe (Chrono Boost)  
  107  9:10  Probe x2 (Chrono Boost)  
  107  9:12  Pylon  
  107  9:17  Probe (Chrono Boost)  
  108  9:26  Adept  
  108  9:27  Probe (Chrono Boost)  
  108  9:30  Adept x2, Immortal  
  115  9:32  Probe (Chrono Boost)  
  115  9:35  Probe x2  
  115  9:38  Probe  
  123  9:40  High Templar  
  123  9:42  Photon Cannon  
  123  9:44  Adept, Probe  
  125  9:59  Adept x2  
  124  10:00  Adept  
  122  10:09  Archon  
  122  10:11  Probe  
  115  10:15  Zealot  
  115  10:16  Probe, Zealot  
  115  10:18  Probe x2  
  121  10:21  Cybernetics Core  
  121  10:23  Probe  
  120  10:28  Probe x2  
  120  10:30  Probe  
  124  10:35  Probe  
  124  10:37  Pylon  
  124  10:40  Zealot x3  
  124  10:42  Probe  
  114  10:51  Probe  
  114  10:52  Probe  
  114  10:53  Probe  
  114  10:56  Probe  
  115  10:58  Adept  
  115  10:59  Observer, Assimilator  
  115  11:00  High Templar x2  
  115  11:01  High Templar  
  115  11:02  Probe  
  115  11:03  Assimilator  
  123  11:08  Archon  
  100  11:25  Adept, Probe  
  93  11:26  Probe  
  93  11:30  Probe  
  93  11:38  Probe  
  88  11:40  Probe  
Show
View Real Time Build Order
Export as new Build Order

Miszu Terran - Winner!

Build Orders: Command Center First (CC), MMM Bio 

Get SALT Encoding   

  12  0:00  SCV  
  13  0:13  SCV  
  14  0:19  Supply Depot  
  14  0:25  SCV  
  15  0:40  SCV  
  16  0:52  SCV  
  17  1:00  Command Center  
  17  1:05  SCV  
  18  1:17  SCV  
  19  1:18  Barracks  
  19  1:29  SCV  
  19  1:31  Barracks  
  20  1:41  SCV  
  20  1:45  Barracks  
  21  1:53  SCV  
  22  2:07  Marine  
  23  2:08  Orbital Command  
  23  2:13  Bunker  
  23  2:18  Marine  
  23  2:21  Supply Depot  
  24  2:24  Marine  
  25  2:34  Marine, SCV  
  25  2:35  SCV  
  25  2:36  Marine  
  29  2:42  Marine  
  30  2:49  Orbital Command  
  30  2:51  SCV  
  31  2:52  Marine  
  32  2:58  Marine  
  32  3:00  Refinery  
  32  3:01  Refinery  
  32  3:02  Marine  
  34  3:08  SCV  
  34  3:09  Marine  
  36  3:16  SCV  
  36  3:19  Marine x2  
  38  3:20  SCV  
  40  3:28  SCV  
  40  3:32  Supply Depot, SCV  
  42  3:36  Marine, Barracks Tech Lab  
  42  3:37  Marine  
  42  3:41  Supply Depot  
  44  3:54  Supply Depot, Marine, SCV x2  
  44  3:55  Marine x2  
  48  3:58  Stimpack  
  49  4:03  Supply Depot  
  49  4:06  SCV  
  49  4:07  SCV  
  49  4:08  Refinery  
  51  4:12  Marine  
  51  4:13  Marine  
  51  4:14  Factory  
  53  4:18  Engineering Bay, SCV  
  53  4:19  SCV  
  53  4:20  Marine  
  56  4:30  Marine, SCV  
  56  4:31  Marine, SCV  
  60  4:37  Supply Depot  
  60  4:40  Supply Depot  
  60  4:41  Marine  
  60  4:42  SCV  
  60  4:43  SCV  
  63  4:50  Marauder  
  63  4:51  Marine  
  66  4:54  SCV  
  66  4:56  SCV  
  66  4:59  Marine, Factory Reactor  
  69  5:00  Starport  
  67  5:13  SCV  
  67  5:20  Marine x3  
  70  5:31  Liberator x2  
  69  5:38  Marine  
  69  5:39  Marauder  
  70  5:46  Command Center  
  75  5:53  SCV x2  
  77  6:01  Refinery  
  77  6:03  Barracks Reactor, Barracks Tech Lab, Combat Shields  
  77  6:12  SCV x2  
  77  6:13  Barracks  
  77  6:14  Barracks  
  77  6:16  Marauder  
  80  6:24  SCV  
  81  6:28  SCV  
  81  6:31  Medivac x2  
  86  6:36  SCV  
  87  6:42  SCV  
  87  6:43  Supply Depot  
  87  6:45  Marauder  
  87  6:46  Concussive Shells  
  90  6:49  Factory Reactor  
  90  6:50  SCV  
  90  6:52  Terran Infantry Weapons Level 1  
  91  6:54  SCV  
  91  6:55  Supply Depot  
  91  7:01  Marauder, Orbital Command  
  94  7:05  Barracks Reactor  
  94  7:06  Supply Depot, Barracks Tech Lab  
  94  7:13  Marauder  
  96  7:16  Medivac x2  
  98  7:28  Widow Mine x2  
  102  7:34  Orbital Command  
  102  7:41  Marauder  
  102  7:42  Marauder  
  105  7:44  Marauder  
  105  7:46  SCV x2  
  107  7:52  Medivac x2  
  107  7:58  SCV x2  
  112  8:01  SCV  
  112  8:03  Marauder  
  118  8:06  Marine x2, Marauder  
  118  8:07  Widow Mine x2  
  118  8:10  SCV  
  118  8:11  Supply Depot x2  
  118  8:12  Supply Depot  
  125  8:14  Marine x2, Marauder  
  125  8:19  SCV x2  
  131  8:23  Marine  
  131  8:24  Marine  
  133  8:33  Marauder x2  
  135  8:38  Marauder  
  132  8:46  Terran Infantry Armor Level 1  
  129  8:54  Marine, Widow Mine x2  
  129  8:55  Marine, Medivac x2, Marauder x2  
  133  8:56  Marine x2  
  133  8:59  Marauder  
  138  9:04  Supply Depot x2  
  138  9:06  Refinery  
  138  9:07  Refinery  
  138  9:10  Engineering Bay, Armory  
  138  9:12  Marine  
  138  9:13  Marine x2  
  138  9:14  Marine  
  138  9:16  Marauder x2  
  146  9:20  Supply Depot, Marine, SCV  
  146  9:21  SCV x2  
  150  9:30  Marine  
  150  9:31  Marine x2  
  151  9:33  SCV x2  
  151  9:37  Marauder  
  157  9:40  Marauder  
  157  9:42  Marine, Medivac, Marauder, Widow Mine  
  157  9:43  Medivac  
  160  9:59  Marauder  
  162  10:00  Marine  
  162  10:02  Marauder  
  162  10:03  Marauder  
  166  10:12  Medivac  
  166  10:13  Widow Mine  
  166  10:14  Medivac, Widow Mine  
  168  10:18  Starport  
  168  10:19  Fusion Core  
  168  10:20  Marauder  
  172  10:23  Marauder  
  172  10:25  Marauder  
  172  10:43  Marine  
  172  10:44  Marauder  
  172  10:45  Marine, Medivac x2, Marauder, Widow Mine  
  172  10:47  Marauder, Widow Mine  
  176  11:04  Starport Tech Lab  
  176  11:05  Marauder  
  176  11:07  Marauder  
  176  11:08  Marauder  
  176  11:15  Medivac  
  172  11:26  Marauder  
  172  11:28  Marauder  
Tags
 
Add a new tag
Caveats
  • Supply blocks, unpowered buildings, or Contaminate may cause inaccurate times.
  • Supply counts are checked every 10 seconds.